Map: World of Sleepers LE

Players

Serral - Winner!

  • Race: Zerg Zerg
  • League: Master
  • Spawn Location: 1:00

Clem

  • Race: Terran Terran
  • League: Master
  • Spawn Location: 7:00

Event: NationWars 2019

VOD

Have the link to the VOD?

Description

Time

  • Played on: Nov. 14, 2019, 4:20 p.m.
  • Length: 11:11
Show
View Real Time Build Order
Export as new Build Order

Serral Zerg - Winner!

Build Orders: Hatch First, Muta Ling Bane 

Get SALT Encoding   

  12  0:01  Drone  
  13  0:12  Overlord  
  13  0:16  Drone  
  14  0:30  Drone x2  
  16  0:46  Hatchery  
  15  0:51  Drone  
  15  0:54  Drone  
  17  0:58  Drone  
  18  1:08  Extractor  
  17  1:13  Spawning Pool  
  17  1:15  Drone  
  17  1:18  Drone  
  18  1:27  Drone  
  19  1:38  Drone  
  20  1:49  Overlord  
  20  1:59  Queen x2  
  20  2:00  Zergling x4  
  26  2:10  Drone  
  26  2:11  Drone  
  28  2:20  Drone  
  29  2:26  Hatchery  
  29  2:28  Drone  
  29  2:33  Metabolic Boost  
  29  2:38  Drone x2  
  31  2:46  Queen  
  31  2:50  Overlord  
  33  2:53  Drone  
  33  2:55  Drone  
  33  2:58  Drone  
  36  3:01  Pneumatized Carapace  
  36  3:11  Drone  
  36  3:12  Drone x3  
  40  3:14  Overlord  
  40  3:22  Drone  
  40  3:23  Drone  
  40  3:24  Queen  
  44  3:29  Overlord  
  44  3:38  Drone x2  
  44  3:39  Queen  
  49  3:41  Zergling x2  
  49  3:42  Drone  
  49  3:44  Drone  
  49  3:46  Zergling x2  
  52  3:48  Zergling x2  
  52  3:50  Overlord  
  52  3:51  Drone  
  54  3:56  Zergling x4  
  54  4:01  Baneling Nest  
  54  4:02  Queen  
  55  4:06  Zergling x2  
  55  4:09  Drone x3  
  61  4:10  Extractor  
  61  4:17  Spore Crawler, Overlord  
  61  4:19  Zergling x2  
  61  4:20  Overlord  
  61  4:21  Drone  
  62  4:25  Overlord  
  62  4:27  Drone  
  62  4:28  Drone  
  62  4:30  Drone  
  66  4:31  Drone  
  66  4:35  Drone x3  
  69  4:40  Evolution Chamber  
  68  4:47  Zergling x2  
  68  4:48  Drone x8  
  76  4:53  Lair  
  76  4:55  Zergling x2  
  76  4:56  Drone  
  76  4:58  Drone  
  79  5:01  Extractor  
  79  5:02  Extractor  
  79  5:04  Drone x2  
  77  5:07  Drone  
  76  5:15  Drone x2  
  76  5:18  Drone  
  76  5:19  Queen  
  76  5:20  Drone  
  76  5:21  Drone x2  
  84  5:23  Overlord  
  84  5:24  Drone x2  
  84  5:27  Drone  
  87  5:30  Extractor, Drone x2  
  87  5:31  Extractor  
  87  5:32  Extractor  
  86  5:37  Zergling x2  
  86  5:39  Zergling x2  
  86  5:40  Drone  
  89  5:49  Drone x3  
  92  5:50  Evolution Chamber  
  92  5:52  Evolution Chamber, Drone x3  
  92  5:54  Centrifical Hooks  
  92  5:57  Overseer  
  93  5:59  Drone  
  93  6:00  Hatchery  
  93  6:03  Drone  
  94  6:05  Zergling x8, Spore Crawler  
  94  6:11  Zergling x2  
  98  6:17  Zerg Melee Weapons Level 1  
  98  6:18  Zerg Ground Armor Level 1  
  98  6:19  Zergling x4, Spire  
  98  6:20  Zergling x2  
  98  6:24  Overlord  
  100  6:26  Overseer, Overlord  
  100  6:29  Overlord  
  100  6:33  Baneling  
  100  6:34  Baneling x7  
  100  6:39  Overlord  
  100  6:41  Overseer  
  100  6:48  Baneling x6  
  100  6:49  Zergling x16  
  108  7:08  Drone x4  
  109  7:09  Drone x4  
  109  7:12  Overlord, Queen  
  109  7:14  Unknown  
  117  7:16  Overlord  
  117  7:21  Overlord  
  116  7:30  Mutalisk x7  
  116  7:34  Mutalisk x2  
  116  7:36  Hatchery  
  133  7:38  Zergling x10  
  138  7:44  Overlord x2  
  138  7:53  Zerg Flyer Weapons Level 1  
  138  7:57  Baneling x3  
  138  8:04  Zergling x26  
  151  8:12  Zerg Ground Armor Level 2, Zerg Melee Weapons Level 2  
  147  8:21  Mutalisk  
  147  8:22  Mutalisk x3  
  147  8:23  Zergling x2  
  147  8:24  Zergling x14  
  152  8:30  Baneling x5  
  152  8:33  Overseer  
  151  8:37  Infestation Pit  
  151  8:40  Baneling  
  151  8:41  Baneling x4  
  148  8:42  Overseer  
  148  8:47  Zergling x6  
  148  8:48  Zergling x20  
  154  8:52  Drone x2  
  156  9:02  Zergling x12  
  161  9:06  Baneling x17  
  158  9:10  Zergling x8  
  158  9:13  Baneling x7  
  156  9:24  Zergling x20  
  156  9:25  Overlord  
  156  9:31  Mutalisk  
  165  9:41  Baneling x6  
  165  9:43  Mutalisk x4  
  173  9:49  Baneling x5  
  173  9:52  Zergling x4  
  174  9:56  Overlord  
  171  10:00  Zergling x4  
  171  10:02  Baneling x4  
  164  10:07  Zergling x2  
  164  10:08  Zergling x26  
  164  10:14  Baneling x9, Zergling x10  
  157  10:27  Zergling x18  
  150  10:28  Baneling x8  
  142  10:37  Zergling x14  
  142  10:40  Baneling x6  
  143  10:44  Zergling x8  
  143  10:49  Zergling x2  
  143  10:50  Zergling x10  
Show
View Real Time Build Order
Export as new Build Order

Clem Terran 

Build Orders: Gas First Reaper Expand, Liberator Opening 

Get SALT Encoding   

  12  0:00  SCV  
  13  0:12  SCV  
  14  0:17  Supply Depot  
  14  0:24  SCV  
  15  0:28  Refinery  
  15  0:38  SCV  
  16  0:43  Barracks  
  16  0:50  SCV  
  17  1:02  SCV  
  18  1:14  SCV  
  19  1:29  Orbital Command  
  19  1:30  Reaper  
  20  1:42  Command Center  
  20  1:53  Factory  
  20  1:57  SCV  
  21  2:05  Barracks Reactor  
  21  2:09  SCV  
  21  2:12  Supply Depot  
  22  2:21  SCV  
  23  2:28  Refinery  
  23  2:34  SCV  
  24  2:46  SCV, Starport  
  24  2:50  Hellion x2  
  29  2:56  Reaper  
  31  2:58  SCV  
  31  3:02  Orbital Command  
  31  3:10  Liberator, SCV  
  32  3:14  Hellion x2  
  36  3:20  Supply Depot  
  36  3:22  SCV  
  37  3:30  SCV  
  37  3:32  Barracks Tech Lab  
  41  3:34  SCV  
  41  3:38  Hellion  
  44  3:42  Hellion  
  44  3:43  SCV  
  44  3:47  Supply Depot  
  47  3:50  SCV  
  47  3:55  Stimpack  
  48  3:57  SCV  
  50  4:02  SCV  
  50  4:09  Supply Depot  
  51  4:10  SCV  
  51  4:15  Starport Reactor  
  51  4:19  Command Center  
  51  4:22  Factory Tech Lab  
  51  4:24  SCV  
  51  4:26  Marine  
  51  4:27  SCV  
  54  4:37  SCV  
  55  4:38  Barracks  
  55  4:39  SCV, Barracks  
  55  4:43  Marine  
  57  4:49  SCV, Engineering Bay  
  57  4:51  Engineering Bay  
  58  4:54  Siege Tank  
  61  5:00  Starport Reactor  
  61  5:01  Marine, SCV, Supply Depot  
  61  5:04  SCV  
  64  5:13  SCV  
  65  5:15  Refinery  
  65  5:16  Refinery, SCV  
  65  5:19  Marine, Terran Infantry Weapons Level 1  
  65  5:20  Terran Infantry Armor Level 1  
  67  5:25  SCV  
  67  5:26  Marine x2  
  70  5:28  SCV  
  70  5:31  Orbital Command  
  71  5:36  Siege Tank, Marine  
  71  5:37  Marine, SCV  
  71  5:39  Marine  
  71  5:41  SCV  
  79  5:46  Marine x2, Supply Depot  
  79  5:49  Medivac  
  83  5:53  Orbital Command  
  83  5:55  Medivac  
  83  5:56  Marine  
  86  5:57  Marine  
  86  6:00  SCV x2  
  89  6:09  Supply Depot x2  
  89  6:10  Combat Shield, Marine  
  90  6:12  Marine x2  
  90  6:13  SCV  
  90  6:14  Marine  
  94  6:18  Siege Tank  
  94  6:19  SCV  
  94  6:20  SCV  
  94  6:22  Marine  
  100  6:28  Marine  
  100  6:29  Supply Depot  
  100  6:30  SCV  
  100  6:31  Supply Depot  
  100  6:32  SCV  
  103  6:35  Marine x2  
  103  6:39  Barracks  
  105  6:41  Barracks  
  105  6:45  SCV x2  
  105  6:46  SCV  
  108  6:51  Medivac x2  
  112  6:55  Marine  
  112  6:56  Marine  
  112  6:57  SCV x2, Supply Depot  
  112  6:58  SCV  
  112  7:01  Marine  
  118  7:04  Siege Tank  
  121  7:09  SCV x2  
  124  7:17  Armory  
  124  7:20  Marine x2  
  124  7:21  Barracks x2  
  124  7:22  Barracks  
  125  7:24  Marine x2  
  125  7:27  Supply Depot  
  126  7:31  Medivac x2, Barracks Reactor  
  126  7:32  Barracks Reactor, Marine  
  131  7:38  Marine x2  
  131  7:41  Marine  
  131  7:42  Marine  
  135  7:45  Supply Depot  
  135  7:46  Siege Tank  
  135  7:50  Marine  
  139  7:56  Marine x2  
  141  8:00  Marine x2  
  141  8:01  Supply Depot x2  
  141  8:02  Supply Depot  
  141  8:04  Medivac x2  
  147  8:08  Marine x3  
  147  8:09  Marine  
  150  8:15  Missile Turret  
  150  8:16  Missile Turret  
  147  8:22  Marine  
  147  8:23  Marine x3  
  147  8:24  Barracks Reactor x2  
  147  8:25  Barracks Reactor  
  139  8:28  Marine x2  
  139  8:30  Marine x2  
  139  8:32  Siege Tank  
  139  8:33  Marine  
  146  8:39  Marine  
  146  8:40  Medivac x2  
  146  8:41  Marine x2  
  145  8:44  Marine  
  145  8:46  Marine x2  
  145  8:48  Marine x2, Supply Depot  
  148  8:51  Marine  
  151  8:57  Marine  
  151  8:58  Marine  
  151  8:59  Marine  
  151  9:00  Marine x3  
  151  9:01  Marine x2  
  152  9:04  Marine x2  
  152  9:08  Marine x2  
  152  9:12  Marine x3  
  152  9:15  Marine  
  152  9:16  Marine, SCV  
  153  9:17  Marine  
  153  9:18  Marine x4  
  153  9:19  Marine  
  153  9:22  Marine x2  
  158  9:26  Marine x2  
  158  9:29  Marine  
  158  9:30  Marine x2  
  163  9:33  Siege Tank  
  163  9:34  Marine  
  163  9:35  Marine  
  163  9:36  Marine  
  163  9:37  Marine  
  169  9:38  Liberator x2  
  169  9:41  Marine x4  
  169  9:43  Marine x2  
  174  9:46  Marine  
  174  9:48  Marine x3  
  176  9:54  Marine x2  
  176  9:56  Marine x2  
  176  9:59  Marine  
  187  10:00  Marine x2  
  187  10:02  Supply Depot  
  187  10:04  Marine  
  182  10:08  Siege Tank  
  182  10:11  Marine x3  
  182  10:12  Marine x2  
  182  10:13  Marine x2  
  166  10:16  Marine x3  
  166  10:17  Supply Depot  
  169  10:26  Marine x2  
  169  10:27  Marine x2  
  159  10:29  Marine  
  159  10:30  Marine  
  145  10:35  Marine x2  
  145  10:37  Marine x2  
  145  10:39  Marine  
  145  10:47  Marine x3  
  145  10:48  Marine x7  
  115  10:53  Marine x2  
Tags
 
Add a new tag
Caveats
  • Supply blocks, unpowered buildings, or Contaminate may cause inaccurate times.
  • Supply counts are checked every 10 seconds.